 Dungeon Crawl Stone Soup version 0.17-a0-1804-gf6433eb (webtiles) character file.

52 orochimarko the Chiller (level 3, -2/28 HPs)
             Began as a Naga Ice Elementalist on Sept 11, 2015.
             Slain by an adder (3 damage)
             ... on level 2 of the Dungeon.
             The game lasted 00:16:56 (1183 turns).

orochimarko the Chiller (Naga Ice Elementalist)     Turns: 1183, Time: 00:16:56

Health: -2/28      AC:  2    Str: 10    XL:     3   Next: 85%
Magic:  7/7        EV:  4    Int: 21    God:
Gold:   64         SH:  0    Dex: 11    Spells: 2 memorised, 4 levels left

rFire  . . .     SeeInvis +     k - +1 spear (pierce)
rCold  . . .     Clarity  .     a - +0 robe
rNeg   . . .     SustAt   .     (no shield)
rPois  +         Gourm    .     (no helmet)
rElec  .         Spirit   .     (no cloak)
rCorr  .         Warding  .     (no gloves)
rMut   .         Stasis   .     (no barding)
MR     .....                    (no amulet)
Stlth  ++........               (no ring)
                                h - -6 ring of evasion (curse)

@: brilliant, lethally poisoned (-2 -> -4), very slow, not resistant to hostile
enchantments, unstealthy
A: see invisible, deformed body, poison resistance, slowness 2, slow metabolism
1, spit poison 2, AC +1
a: Spit Poison


You were on level 2 of the Dungeon.
You were not hungry.

You visited 1 branch of the dungeon, and saw 2 of its levels.

You collected 64 gold pieces.

Inventory:

Hand weapons
 e - a +0 dagger of draining
 k - a +1 spear of piercing (weapon)
Armour
 a - a +0 robe (worn)
Jewellery
 h - a cursed -6 ring of evasion (left hand)
Scrolls
 g - a scroll of identify
Books
 b - a book of Frost

   Spells                             Type                      Level
   a - Freeze                         Ice                          1
   b - Throw Frost                    Conjuration/Ice              2
   c - Ozocubu's Armour               Charms/Ice                   3
   d - Throw Icicle                   Conjuration/Ice              4
   e - Summon Ice Beast               Ice/Summoning                4
   f - Condensation Shield            Ice                          4
Miscellaneous
 m - a plain deck of changes {drawn: 1}
Comestibles
 c - a bread ration
 d - 3 meat rations
 f - 4 chunks of flesh


   Skills:
 + Level 1.8 Dodging
 + Level 3.1 Stealth
 + Level 2.7 Spellcasting
 + Level 1.2 Conjurations
 + Level 3.7 Ice Magic


You had 4 spell levels left.
You knew the following spells:

 Your Spells              Type           Power        Failure   Level  Hunger
a - Freeze                Ice            ####         1%          1    None
b - Throw Frost           Conj/Ice       ####..       1%          2    ##.....


Dungeon Overview and Level Annotations

Branches:
Dungeon (2/15)

Altars:
Ashenzari
Nemelex Xobeh


Innate Abilities, Weirdness & Mutations

You cannot wear boots.
Your serpentine skin is tough (AC +1).
You have supernaturally acute eyesight.
Armour fits poorly on your strangely shaped body.
Your system is resistant to poisons.
You cover ground very slowly.
You have a slow metabolism.
You can spit poison.


Message History

You feel invigorated. The adder bites you.
* * * LOW HITPOINT WARNING * * *
You're too confused to cast spells.
You're too confused!
The adder bites you.
* * * LOW HITPOINT WARNING * * *
The adder bites you.
* * * LOW HITPOINT WARNING * * *
You feel sick. The adder bites you.
* * * LOW HITPOINT WARNING * * *
You feel less invigorated.
You feel less confused. The adder barely misses you.
Some of the chunks of flesh in your inventory have rotted away.
The adder bites you.
* * * LOW HITPOINT WARNING * * *
You feel sick. The adder bites you.
* * * LOW HITPOINT WARNING * * *
The adder bites you.
You die...

........##..####........>.#
#...................######
#...##..#........####
###..#...#..###.###
#........#.....+###
#..#.#...#.##.....#
..#⌠.##+##.⌠#..N..#
..#............S..#
.###.......###..@.#
...........#...#..#
...+..._...'...+..#
...#.......#...#..#
####.......#####..#
..#.........#.....#
..#⌠.##'##.⌠#.....#
..#.##...####.....#
.....#............#


You could see Fipnafal the naga and an adder.

Vanquished Creatures
  An adder (D:2)
  3 oozes (D:1)
  2 giant geckos (D:1)
  A ball python (D:2)
  A bat (D:1)
  A giant cockroach (D:1)
  4 goblins (D:1)
  5 hobgoblins
  4 kobolds
  3 giant newts (D:1)
  A quokka (D:2)
  2 rats (D:1)
28 creatures vanquished.

Notes
Turn   | Place    | Note
--------------------------------------------------------------
     0 | D:1      | orochimarko the Naga Ice Elementalist began the quest for the Orb.
     0 | D:1      | Reached XP level 1. HP: 15/15 MP: 3/3
    89 | D:1      | Reached XP level 2. HP: 17/22 MP: 0/5
   107 | D:1      | Learned a level 2 spell: Throw Frost
   632 | D:1      | Reached XP level 3. HP: 21/28 MP: 0/6
  1075 | D:2      | Found a shattered altar of Ashenzari.
  1120 | D:2      | Found a sparkling altar of Nemelex Xobeh.
  1154 | D:2      | Noticed Fipnafal
  1177 | D:2      | HP: 1/28 [adder (2)]
  1183 | D:2      | HP: 1/28 [adder (4)]
  1183 | D:2      | Slain by an adder

Vault maps used:
D:1:      ncdulo_lavacross, kennysheep_minor_cross, minmay_misc_feat_roman,
          minivault_24
D:2:      nemelex_deck, nicolae_tso_carved_into_rock, evilmike_ruin_ashenzari,
          okawaru_metal_pillars_1_2

Action                   || total
-------------------------++-------
Melee: Unarmed           ||     3
       Dagger            ||     2
 Cast: Freeze            ||    23
       Throw Frost       ||    21
 Abil: Spit Poison       ||    11
Evoke: Deck              ||     1
  Use: Scroll            ||     5
       Potion            ||     4
  Eat: Chunk             ||     3
